 Dungeon Crawl Stone Soup version 0.20.0-1-g1cb1d84 (webtiles) character file.

25 straycat the Caller (level 2, -4/21 HPs)
             Began as a Vampire Wanderer on May 26, 2017.
             Slain by Natasha (6 damage)
             ... on level 2 of the Dungeon.
             The game lasted 00:09:16 (2115 turns).

straycat the Caller (Vampire Wanderer)              Turns: 2115, Time: 00:09:17

Health: -4/21      AC:  2    Str: 11    XL:     2   Next: 82%
Magic:  2/2        EV: 12    Int: 19    God:
Gold:   62         SH:  0    Dex: 12    Spells: 1/1 levels left

rFire    . . .     SeeInvis +   (no weapon)
rCold    . . .     Gourm    .   (no shield)
rNeg     + . .     Faith    .   d - +0 robe
rPois    .         Spirit   .   (no helmet)
rElec    .         Reflect  .   (no cloak)
rCorr    .         Harm     .   (no gloves)
MR       .....                  (no boots)
Stlth    ++........             (no amulet)
Regen    0.1/turn               (no ring)
MPRegen  0.1/turn               (no ring)

@: no status effects
A: fangs 3, see invisible, clever 2, unbreathing
a: no special abilities


You were on level 2 of the Dungeon.
You were not thirsty.

You visited 1 branch of the dungeon, and saw 2 of its levels.

You collected 62 gold pieces.

Inventory:

Hand Weapons
 a - a +2 spear
 e - a +0 dagger
 j - a +1 whip of electrocution
 s - a +3 whip
Missiles
 o - 14 stones (quivered)
 p - 15 arrows
Armour
 d - a +0 robe (worn)
 r - a cursed +0 ring mail
Scrolls
 b - 2 scrolls of teleportation
 h - a scroll of random uselessness {unknown}
 k - a scroll of fear {unknown}
 m - a scroll of blinking {unknown}
 n - a scroll of enchant weapon {unknown}
 q - a scroll of identify {unknown}
Potions
 f - 2 potions of blood
Books
 c - the Guide on the Entourage

   Spells                             Type                      Level
   a - Summon Small Mammal            Summoning                    1
   b - Call Canine Familiar           Summoning                    3


   Skills:
 * Level 1.3 Fighting
 - Level 1.0 Polearms
 - Level 1.0 Throwing
 * Level 2.1 Dodging
 - Level 3.0 Stealth
 * Level 0.7 Unarmed Combat
 - Level 0.1 Spellcasting
   Level 4.0 Summonings
   Level 1.0 Poison Magic


You had one spell level left.
You didn't know any spells.

Dungeon Overview and Level Annotations

Branches:
Dungeon (2/15)

Altars:

Annotations:
D:2 Natasha


Innate Abilities, Weirdness & Mutations

You have razor-sharp teeth.
You have supernaturally acute eyesight. (SInv)
You can survive without breathing.
Your mind is very acute. (Int +4)


Message History

You closely miss the leopard gecko.
The leopard gecko is almost dead.
The leopard gecko misses you.
You barely miss the leopard gecko.
The leopard gecko is almost dead.
The leopard gecko bites you.
You hit the leopard gecko.
You kill the leopard gecko!
You feel a little less agile now.
Natasha, Servant of Life and Death comes into view.
Natasha hisses angrily.
Natasha claws you!
You hit Natasha but do no damage.
Natasha stares at you and mumbles some strange words.
The magic dart hits you!
* * * LOW HITPOINT WARNING * * *
You miss Natasha. Natasha completely misses you.
You closely miss Natasha. Natasha closely misses you.
You closely miss Natasha. Natasha claws you.
You die...

###
#.################
#.................
#.###############.
#.# #. #.# #.
#.###### #.
#.h....# #.
#@.....# #.
#......# #.
#$###### #. ... #.
#.# #. ... #. ...
#. ... #. #.


You could see Natasha.

Vanquished Creatures
  2 oozes (D:1)
  A dart slug (D:1)
  2 leopard geckos
  A ball python (D:1)
  A hobgoblin (D:1)
  2 bats
  A frilled lizard (D:1)
  4 kobolds
14 creatures vanquished.

Notes
Turn   | Place    | Note
-------+----------+-------------------------------------------
     0 | D:1      | straycat the Vampire Wanderer began the quest for the Orb.
     0 | D:1      | straycat set off with: a +2 spear, a scroll of teleportation, the Guide on the Entourage, a +0 robe, a +0 dagger, a potion of blood
     0 | D:1      | Reached XP level 1. HP: 13/13 MP: 1/1
     4 | D:1      | Identified the Guide on the Entourage
   739 | D:1      | Reached skill level 1 in Fighting
   739 | D:1      | Reached XP level 2. HP: 12/21 MP: 2/2
   947 | D:1      | HP: 1/21 [ooze (3)]
  2040 | D:2      | Gained mutation: Your body sometimes deteriorates upon taking damage. [potion of mutation]
  2040 | D:2      | Gained mutation: You are robust. (+10% HP) [potion of mutation]
  2042 | D:2      | Lost mutation: You are robust. (+10% HP) [potion of mutation]
  2042 | D:2      | Lost mutation: Your body sometimes deteriorates upon taking damage. [potion of mutation]
  2042 | D:2      | Gained mutation: Your mind is acute. (Int +2) [potion of mutation]
  2042 | D:2      | Gained mutation: Your mind is very acute. (Int +4) [potion of mutation]
  2109 | D:2      | Noticed Natasha
  2115 | D:2      | Slain by Natasha

Skill      XL: |  1  2 |
---------------+-------+-----
Fighting       | 1 |  1.3
Dodging        | 2 |  2.1
Polearms       | |  1.0
Throwing       | |  1.0
Stealth        | |  3.0
Unarmed Combat | |  0.7
Spellcasting   | |  0.1
Summonings     | |  4.0
Poison Magic   | |  1.0

Action                   || total
-------------------------++-------
Melee: Unarmed           ||    74
       Bite              ||     9
  Use: Potion            ||     7
 Stab: Sleeping          ||     3
Armor: Robe              ||     6
Dodge: Dodged            ||    44
